 Dungeon Crawl Stone Soup version 0.19.5 (webtiles) character file.

27179 airbag the Spear-Bearer (level 13, -8/101 HPs)
             Began as a Merfolk Monk on Apr 15, 2017.
             Was a High Priest of Okawaru.
             Shot with an arrow by a deep elf archer (13 damage)
             ... on level 1 of the Elven Halls on Apr 16, 2017.
             The game lasted 03:56:39 (24496 turns).

airbag the Spear-Bearer (Merfolk Monk)             Turns: 24496, Time: 03:56:40

Health: -8/101     AC: 19    Str: 15    XL:     13   Next: 30%
Magic:  23/23      EV: 20    Int: 14    God:    Okawaru [*****.]
Gold:   1298       SH:  6    Dex: 19    Spells: 2 memorised, 9 levels left

rFire  . . .     SeeInvis .     s - +2 spear (distort)
rCold  . . .     Gourm    .     E - +3 mottled dragon scales "Jamias" {Dex+3}
rNeg   . . .     Faith    +     i - +0 buckler
rPois  .         Spirit   .     z - +2 helmet {Int+3}
rElec  .         Reflect  .     x - +2 cloak
rCorr  .         Harm     .     l - +1 pair of gloves
MR     .....                    (no boots)
Stlth  ++++......               b - amulet of faith
                                W - ring of magical power
                                q - ring of flight

@: drained
A: change form in water, swift swim, stealthy swim
a: Heroism, Finesse, Renounce Religion, Evoke Flight


You were on level 1 of the Elven Halls.
You worshipped Okawaru.
Okawaru was extremely pleased with you.
You were not hungry.

You visited 4 branches of the dungeon, and saw 19 of its levels.
You also visited: Labyrinth.

You collected 1298 gold pieces.

Inventory:

Hand Weapons
 d - a +3 long sword
 k - a +1 spear of piercing
 s - a +2 spear of distortion (weapon)
 y - a cursed +0 scythe
 B - a +0 dagger of draining
 D - a +4 falchion
 H - a +2 scimitar of venom
 I - the +10 long sword "Messen" {flame, rC+ Int-3 Dex+4}
   (You found it in a labyrinth)

   It has been specially enchanted to burn those struck by it, causing extra
   injury to most foes and up to half again as much damage against particularly
   susceptible opponents.
   Big, fiery blades are also staple armaments of hydra-hunters.
   It affects your intelligence (-3).
   It affects your dexterity (+4).
   It protects you from cold.
 M - the +6 dagger "Spider's Funeral" {holy, rC+ Str+6 Int+2}
   (You found it on level 8 of the Dungeon)

   It has been blessed by the Shining One to cause great damage to the undead
   and demons.
   It affects your strength (+6).
   It affects your intelligence (+2).
   It protects you from cold.
 S - a +0 trident of holy wrath
 T - a +8 dagger
Armour
 f - a +1 hat of magic resistance
 i - a +0 buckler (worn)
 j - a +3 chain mail of fire resistance
 l - a +1 pair of gloves (worn)
 x - a +2 cloak (worn)
 z - a +2 helmet of intelligence (worn)
 E - the +3 mottled dragon scales "Jamias" (worn) {Dex+3}
   (Okawaru gifted it to you on level 2 of the Lair of Beasts)

   It affects your dexterity (+3).
 Y - a +1 chain mail of magic resistance
Magical Staves
 u - an uncursed staff of air
Jewellery
 b - an amulet of faith (around neck)
 q - a ring of flight (left hand)
 P - the ring "Ukesotz" {Str+4 SInv, unknown}
   (You found it in a labyrinth)

   [ring of strength]

   It affects your strength (+4).
   It lets you see invisible.
 Q - an uncursed ring of protection from fire
 U - an uncursed ring of poison resistance
 W - a ring of magical power (right hand)
 X - an uncursed ring of poison resistance
Wands
 a - a wand of flame (1/48)
 e - a wand of confusion (24/48)
 m - a wand of disintegration (11/24)
 o - a wand of confusion (34/48)
 r - a wand of disintegration (6/24)
 t - a wand of lightning (1/15)
 A - a wand of hasting (6/9)
 J - a wand of iceblast (11/15)
 K - a wand of slowing (22/48)
 N - a wand of disintegration (3/24)
 O - a wand of iceblast (13/15)
 V - a wand of paralysis (11/24)
Scrolls
 n - a scroll of recharging
 p - a scroll of teleportation
 v - 4 scrolls of magic mapping
 w - 4 scrolls of remove curse
Potions
 h - a potion of flight
 F - 2 potions of agility
 R - a potion of magic
Books
 G - a book of Air

   Spells                             Type                      Level
   a - Shock                          Conjuration/Air              1
   b - Swiftness                      Charms/Air                   2
   c - Repel Missiles                 Charms/Air                   2
   d - Static Discharge               Conjuration/Air              3
   e - Lightning Bolt                 Conjuration/Air              5
 Z - a book of Maledictions

   Spells                             Type                      Level
   a - Corona                         Hexes                        1
   b - Ensorcelled Hibernation        Hexes/Ice                    2
   c - Confuse                        Hexes                        3
   d - Tukima's Dance                 Hexes                        3
   e - Dazzling Spray                 Conjuration/Hexes            3
Comestibles
 c - 2 bread rations
 g - 7 meat rations
 C - 2 slices of pizza
 L - 5 fruits


   Skills:
 + Level 9.1(8.5) Fighting
 + Level 1.2(8.0) Short Blades
 + Level 12.0(11.3) Long Blades
 + Level 12.0(11.3) Polearms
 + Level 6.2(5.7) Armour
 * Level 11.6(11.0) Dodging
 * Level 8.7(8.1) Stealth
 + Level 6.5(5.9) Shields
 * Level 3.4(2.9) Hexes
 * Level 0.7(0.2) Charms
 + Level 2.1(1.6) Invocations
 + Level 0.4(0.0) Evocations


You had 9 spell levels left.
You knew the following spells:

 Your Spells              Type           Power        Failure   Level  Hunger
a - Corona                Hex            #......      14%         1    ##.....
b - Swiftness             Chrm/Air       #.......     63%         2    ###....


Dungeon Overview and Level Annotations

Branches:
Dungeon (11/15)            Temple (0/1) D:5            Lair (3/6) D:8
    Orc (2/2) D:9             Elf (3/3) Orc:2
  Swamp: Lair:2-4    Shoals: Lair:2-4     Snake: Lair:2-4    Spider: Lair:2-4

Altars:
Gozag
Kikubaaqudgha
Nemelex Xobeh
Okawaru
Qazlal
Ru
Sif Muna
Trog
Uskayaw
Vehumet
Xom
The Shining One

Shops:
Elf:1 [

Annotations:
D:3 Grinder
Lair:2 Sonja, Urug
Elf:2 5 runed doors


Message History

* * * LOW HITPOINT WARNING * * *
Found a rapier.
You see here an arrow.
You hear a twanging sound.
An arrow appears from out of thin air!
The arrow misses you.
You see here an arrow.
An arrow appears from out of thin air!
The arrow barely misses you.
A shard of ice appears from out of thin air!
The shard of ice misses you.
You hear a twanging sound.
An arrow appears from out of thin air!
The arrow hits you!
* * * LOW HITPOINT WARNING * * *
You see here an arrow.
As you read the scroll of teleportation, it crumbles to dust.
You feel strangely unstable.
You hear a twanging sound.
An arrow appears from out of thin air!
The arrow barely misses you.
Your surroundings suddenly seem different.
The deep elf archer shoots an arrow.
The arrow hits you!
You die...

###(##### .P.P. #
#?......## .P.P.. #
#>.......# ...P.. ##
##...e.#.## #.....##.
+...§Y#..# #..#..
##...#(..# ###⌠.⌠
##...#...# #.∩.
#.####e..#### #⌠.⌠
#.#.@..#.{..#######.#
#..3...#..(e....##'##
#.#####.#....#....#Y..#.#
#......####...####..(####
#.........#%e.#....#.(..#
###+##....#.......#.#..(#
#....##+##....#.(.Y#
#........####...##{##
####.....(..#...#.(.#


You could see a deep elf archer, a deep elf mage (wandering) and a sixfirhy
(wandering).

Vanquished Creatures
  A deep elf sorcerer (Elf:1)
  A deep elf annihilator (Elf:1)
  A minotaur (Lab)
  Erolcha (D:10)
  Fannar (Lair:3)
  A hydra (Lair:2)
  3 dancing weapons (Elf:2)
  A deep elf knight (Elf:2)
  2 hill giants (D:10)
  2 orc knights (Orc:1)
  5 deep elf magi
  A black mamba (Lair:1)
  Maurice (D:10)
  A spiny frog (Lair:1)
  A komodo dragon (Lair:2)
  2 trolls (Orc:2)
  A hornet (D:9)
  A two-headed ogre (Orc:1)
  5 hippogriffs
  7 blink frogs (Lair:3)
  The ghost of Turgon the Insei, an amateur OpTm (D:4)
  Sigmund (D:6)
  An air elemental (Elf:1)
  2 wyverns
  7 yaks
  A fire elemental (Elf:1)
  A basilisk (Lair:3)
  A hungry ghost (D:10)
  3 wargs
  2 hell hounds (D:8)
  Duvessa (D:4)
  4 porcupines (Lair:1)
  2 water moccasins
  The ghost of Macharius the Ruffian, an amateur TrMo (D:6)
  16 orc warriors
  A sky beast (D:9)
  A necrophage (D:7)
  3 phantoms
  9 ogres
  6 wolves
  A centaur (D:7)
  2 crocodiles
  12 bullfrogs
  An earth elemental (Elf:2)
  Dowan (D:4)
  4 scorpions
  8 howler monkeys
  A crimson imp (D:7)
  4 lava snakes (Lab)
  A quasit (D:8)
  A centaur skeleton (D:7)
  12 orc priests
  3 hounds
  4 jellies
  14 orc wizards
  3 bullfrog skeletons
  8 iguanas
  Ijyb (D:3)
  6 worker ants
  A killer bee zombie (D:7)
  2 hound skeletons
  A worker ant zombie (D:5)
  9 gnolls
  9 adders
  A howler monkey skeleton (D:5)
  A shadow imp (D:9)
  2 adder zombies
  An adder skeleton (D:9)
  2 worms
  3 dart slugs
  2 leopard geckos
  53 orcs
  8 giant cockroaches
  7 hobgoblins
  6 jackals
  4 quokkas
  A ball python (D:1)
  7 bats
  5 frilled lizards
  5 goblins
  A jackal skeleton (D:6)
  A jackal zombie (D:8)
  15 kobolds
  A leopard gecko skeleton (D:4)
  3 rats
341 creatures vanquished.

Vanquished Creatures (others)
  2 dancing weapons (Elf:2)
  13 fungi
15 creatures vanquished.

Grand Total: 356 creatures vanquished

Notes
Turn   | Place    | Note
-------+----------+-------------------------------------------
     0 | D:1      | airbag the Merfolk Monk began the quest for the Orb.
     0 | D:1      | Reached XP level 1. HP: 18/18 MP: 1/1
   525 | D:1      | Reached XP level 2. HP: 24/24 MP: 2/2
  1395 | D:2      | Found a deep blue altar of Sif Muna.
  1395 | D:2      | Found an opulent altar of Gozag.
  1403 | D:2      | Reached XP level 3. HP: 30/30 MP: 3/3
  1466 | D:2      | Found a shimmering altar of Xom.
  1693 | D:2      | Reached skill level 1 in Polearms
  1806 | D:2      | Reached XP level 4. HP: 32/37 MP: 4/4
  2498 | D:3      | Noticed Grinder
  2766 | D:3      | Reached skill level 1 in Armour
  2959 | D:3      | Noticed Ijyb
  2982 | D:3      | Killed Ijyb
  2982 | D:3      | Reached XP level 5. HP: 40/42 MP: 5/5
  3400 | D:4      | Found an iron altar of Okawaru.
  3420 | D:4      | Became a worshipper of Warmaster Okawaru
  3420 | D:4      | Reached * piety under Okawaru
  3420 | D:4      | Reached ** piety under Okawaru
  3449 | D:4      | Reached XP level 6. HP: 40/48 MP: 6/6
  3454 | D:4      | Noticed Turgon's ghost (amateur OpTm)
  3700 | D:4      | Reached skill level 5 in Polearms
  3990 | D:4      | Reached skill level 1 in Shields
  4289 | D:4      | Noticed a phantom
  4348 | D:4      | Killed Turgon's ghost
  4348 | D:4      | Reached XP level 7. HP: 41/55 MP: 7/7
  4401 | D:4      | Reached *** piety under Okawaru
  4515 | D:4      | Noticed Dowan
  4524 | D:4      | Noticed Duvessa
  4541 | D:4      | Killed Dowan
  4608 | D:4      | Killed Duvessa
  5100 | D:4      | Reached skill level 5 in Fighting
  5427 | D:5      | Entered Level 5 of the Dungeon
  5499 | D:4      | Reached XP level 8. HP: 43/62 MP: 8/8
  5986 | D:4      | Reached skill level 5 in Dodging
  6275 | D:5      | Found a sparkling altar of Nemelex Xobeh.
  6357 | D:5      | Found a shimmering altar of Xom.
  6401 | D:5      | Reached skill level 10 in Polearms
  6469 | D:5      | Found an ancient bone altar of Kikubaaqudgha.
  6473 | D:5      | Found a bloodstained altar of Trog.
  6476 | D:5      | Found a stormy altar of Qazlal.
  6479 | D:5      | Found a sacrificial altar of Ru.
  6804 | D:5      | Found a staircase to the Ecumenical Temple.
  7082 | D:6      | Noticed Sigmund
  7162 | D:6      | Killed Sigmund
  7162 | D:6      | Reached **** piety under Okawaru
  7239 | D:6      | Noticed Macharius's ghost (amateur TrMo)
  7296 | D:6      | Killed Macharius's ghost
  7296 | D:6      | Reached XP level 9. HP: 29/69 MP: 6/9
  7978 | D:6      | Found a radiant altar of Vehumet.
  8122 | D:6      | Found a hide-covered altar of Uskayaw.
 10347 | D:7      | Reached skill level 5 in Long Blades
 11228 | D:8      | Found a staircase to the Lair.
 11704 | D:8      | Reached XP level 10. HP: 77/77 MP: 10/10
 11871 | D:8      | Got an iridescent dagger
 12288 | D:9      | Paralysed by a hornet for 3 turns
 12297 | D:9      | Paralysed by a hornet for 1 turns
 12301 | D:9      | Reached ***** piety under Okawaru
 13570 | D:9      | Found a staircase to the Orcish Mines.
 13885 | Lair:1   | Entered Level 1 of the Lair of Beasts
 14295 | Lair:1   | Noticed a spiny frog
 14312 | Lair:1   | Killed a spiny frog
 14705 | Lair:1   | Reached skill level 5 in Armour
 15061 | Lair:1   | Noticed a black mamba
 15084 | Lair:1   | Killed a black mamba
 15084 | Lair:1   | Reached XP level 11. HP: 47/84 MP: 8/11
 15242 | Lair:1   | Noticed a six-headed hydra
 15939 | Lair:1   | Found a glowing golden altar of the Shining One.
 16046 | Lair:2   | Noticed a four-headed hydra
 16052 | Lair:2   | Killed a four-headed hydra
 16052 | Lair:2   | Reached skill level 5 in Stealth
 16053 | Lair:2   | Noticed Sonja
 16054 | Lair:2   | Noticed Urug
 16579 | Lair:2   | Noticed an eight-headed hydra
 16736 | Lair:2   | Received a gift from Okawaru
 16736 | Lair:2   | Reached skill level 1 in Invocations
 16739 | Lair:2   | Got brightly glowing mottled dragon scales {god gift}
 16750 | Lair:2   | Identified the +3 mottled dragon scales "Jamias" {Dex+3} (Okawaru gifted it to you on level 2 of the Lair of Beasts)
 16823 | Lair:3   | Noticed Fannar
 16902 | Lair:3   | Killed Fannar
 17134 | Lair:3   | Reached skill level 1 in Short Blades
 17666 | Lair:2   | Noticed a four-headed hydra
 18006 | Lair:3   | Noticed a four-headed hydra
 18016 | Lair:3   | Reached skill level 5 in Shields
 18851 | D:10     | Entered Level 10 of the Dungeon
 18911 | D:10     | Noticed Erolcha
 18940 | D:10     | Paralysed by Erolcha for 2 turns
 18943 | D:10     | Killed Erolcha
 19120 | D:10     | Noticed Maurice
 19148 | D:10     | Killed Maurice
 19251 | D:10     | Noticed a hill giant
 19278 | D:10     | Killed a hill giant
 19278 | D:10     | Reached XP level 12. HP: 60/93 MP: 10/13
 19469 | D:10     | Reached skill level 10 in Dodging
 19813 | D:10     | Reached skill level 10 in Long Blades
 19846 | D:10     | Received a gift from Okawaru
 20133 | D:11     | Found a labyrinth entrance.
 20152 | Lab      | Entered a labyrinth
 20432 | Lab      | Got a dazzling long sword
 20444 | Lab      | Identified the +10 long sword "Messen" {flame, rC+ Int-3 Dex+4} (You found it in a labyrinth)
 20544 | Lab      | Noticed a minotaur
 20560 | Lab      | Killed a minotaur
 20623 | Lab      | Got a clouded steel ring
 20626 | Lab      | Learned a level 1 spell: Corona
 20982 | Orc:1    | Entered Level 1 of the Orcish Mines
 21969 | Orc:2    | Entered Level 2 of the Orcish Mines
 22465 | Orc:2    | Noticed a stone giant
 22527 | Orc:2    | Reached skill level 1 in Hexes
 22966 | Orc:2    | Found a staircase to the Elven Halls.
 23056 | Elf:1    | Entered Level 1 of the Elven Halls
 23090 | Elf:1    | Identified the +6 dagger "Spider's Funeral" {holy, rC+ Str+6 Int+2} (You found it on level 8 of the Dungeon)
 23149 | Elf:1    | Found Votaolucag's Antique Armour Boutique.
 23184 | Elf:1    | Noticed a deep elf sorcerer
 23252 | Elf:1    | Killed a deep elf sorcerer
 23252 | Elf:1    | Reached ****** piety under Okawaru
 23470 | Elf:1    | Noticed a deep elf annihilator
 23483 | Elf:1    | Killed a deep elf annihilator
 23483 | Elf:1    | Received a gift from Okawaru
 23483 | Elf:1    | Reached XP level 13. HP: 97/100 MP: 14/14
 23557 | Elf:1    | You fall through a shaft!
 23619 | Elf:2    | HP: 3/101 [enchanted dagger (11)]
 24009 | Elf:2    | Found a huge runed gate.
 24009 | Elf:2    | Found a huge runed gate.
 24009 | Elf:2    | Found a huge runed gate.
 24009 | Elf:2    | Found a huge runed gate.
 24015 | Elf:2    | Found a huge runed gate.
 24053 | Elf:2    | Learned a level 2 spell: Swiftness
 24332 | Elf:3    | Entered Level 3 of the Elven Halls
 24465 | Elf:2    | Noticed a deep elf death mage
 24493 | Elf:1    | HP: 5/101 [something (8)]
 24496 | Elf:1    | Shot with an arrow by a deep elf archer

Skill      XL: |  1  2  3  4  5  6  7  8  9 10 11 12 13 |
---------------+----------------------------------------+-----
Polearms       | 1 3 4 6 8 11 12 | 12.0
Armour         | 1 2 3 4 5 6 |  6.2
Fighting       | 4 5 6 7 8 9 |  9.1
Shields        | 1 2 3 4 5 6 |  6.5
Dodging        | 5 6 7 9 11 | 11.6
Long Blades    | 6 8 9 11 12 | 12.0
Stealth        | 4 6 8 |  8.7
Invocations    | 1 2 |  2.1
Short Blades   | 1 |  1.2
Hexes          | 2 3 |  3.4
Charms         | |  0.7
Evocations     | |  0.4

Action                   |  1- 3 |  4- 6 |  7- 9 | 10-12 | 13-15 || total
-------------------------+-------+-------+-------+-------+-------++-------
Melee: Falchion          |    33 |       |   237 |   785 |       ||  1055
       Spear             |    67 |   238 |   415 |       |    79 ||   799
       Dagger            |       |       |       |    52 |       ||    52
       Long sword        |       |       |       |   242 |       ||   242
Invok: Heroism           |       |       |     6 |    19 |     2 ||    27
       Finesse           |       |       |       |     2 |     1 ||     3
 Abil: Evoke Flight      |       |       |       |     1 |       ||     1
Evoke: Wand              |       |       |       |    10 |       ||    10
  Use: Scroll            |     5 |     4 |    17 |    15 |     2 ||    43
       Potion            |     3 |       |     7 |     5 |       ||    15
 Stab: Sleeping          |       |       |       |     4 |     3 ||     7
       Distracted        |       |       |       |     3 |       ||     3
  Eat: Chunk             |     2 |     7 |    10 |     9 |     2 ||    30
       Beef jerky        |       |     1 |       |     1 |     1 ||     3
       Bread ration      |       |       |     3 |       |       ||     3
       Royal jelly       |       |       |     1 |       |       ||     1
       Meat ration       |       |       |       |     6 |       ||     6
Armor: Chain mail        |    62 |   107 |   271 |   314 |       ||   754
       Robe              |     1 |       |       |       |       ||     1
       Mottled dragon sc |       |       |       |   118 |    17 ||   135
Dodge: Dodged            |    37 |    48 |   192 |   597 |    25 ||   899
Block: Buckler           |    13 |    35 |    97 |   280 |    11 ||   436
       Rpst.: Falchion   |     3 |       |    34 |   108 |       ||   145
       Long sword        |       |       |       |    37 |       ||    37
